 Dungeon Crawl Stone Soup version 0.29-a0-284-gf9362112df (webtiles) character file.

Game seed: 11802609251479183764

12574 spaghetti the Cleaver (level 11, 0/108 HPs)
             Began as a Deep Dwarf Delver on Mar 22, 2022.
             Was a Priest of Makhleb.
             Slain by a komodo dragon (21 damage)
             ... on level 2 of the Lair of Beasts.
             The game lasted 00:23:05 (9014 turns).

spaghetti the Cleaver (Deep Dwarf Delver)           Turns: 9014, Time: 00:23:06

Health: 0/108      AC: 17    Str: 14    XL:     11   Next: 64%
Magic:  13/13      EV: 10    Int: 11    God:    Makhleb [***...]
Gold:   592        SH:  0    Dex: 25    Spells: 10/10 levels left

rFire   . . .      SeeInvis .   b - +9 war axe "Xirodedd" {vamp, rCorr, axe}
rCold   . . .      Faith    .   (no shield)
rNeg    . . .      Spirit   .   l - +2 chain mail "Behi" {rCorr Str-2 Dex+3 Slay+2}
rPois   +          Reflect  .   (no helmet)
rElec   .          Harm     .   E - +1 cloak
rCorr   +          Rampage  .   t - +0 pair of gloves of Noxious Fun {rPois Dex+4}
Will    +....                   (no boots)
Stlth   +.........              (no amulet)
HPRegen 0.00/turn               A - +4 ring of slaying
MPRegen 0.13/turn               s - +4 ring of protection

@: slowed, very slow
A: damage resistance, heal wounds, sense surroundings 2, no regeneration,
MP-powered wands
a: Heal Wounds, Renounce Religion, Minor Destruction, Lesser Servant of Makhleb


You were on level 2 of the Lair of Beasts.
You worshipped Makhleb.
Makhleb was most pleased with you.
You visited 2 branches of the dungeon, and saw 12 of its levels.

You collected 592 gold pieces.


Innate Abilities, Weirdness & Mutations

You are resistant to damage.
You can heal yourself by infusing magical energy.
You passively map the area around you.
You do not regenerate.
You expend magic power (3 MP) to strengthen your wands.


   Skills:
 + Level 10.0 Fighting
 - Level 5.6 Long Blades
 + Level 13.0 Axes
 - Level 8.2 Dodging
 - Level 6.0 Stealth
 - Level 5.8 Invocations


You had 10 spell levels left.
You didn't know any spells.
Your spell library contained the following spells:

 Spells                   Type           Power      Damage    Failure   Level
 Apportation              Tloc           0%         N/A       100%        1
 Tukima's Dance           Hex            0%         N/A       100%        3
 Anguish                  Hex/Necr       0%         N/A       100%        4
 Alistair's Intoxication  Tmut/Pois      0%         N/A       100%        5
 Fireball                 Conj/Fire      0%         3d3       100%        5
 Starburst                Conj/Fire      0%         6d3       100%        6
 Enfeeble                 Hex            0%         N/A       100%        7
 Ignition                 Fire           0%         3d3       100%        8

Inventory:

Hand Weapons
 a - the +7 dagger of the Demonic God {flame, Int+6, short}
   (You found it on level 3 of the Dungeon)

   It burns those it strikes, dealing additional fire damage.
   Int:       It affects your intelligence (+6).
 b - the +9 war axe "Xirodedd" (weapon) {vamp, rCorr, axe}
   (You found it on level 9 of the Dungeon)

   It occasionally heals its wielder for a portion of the damage dealt when it
   wounds a living foe.
   rCorr:     It protects you from acid and corrosion.
Missiles
 e - 9 poisoned darts {throwing}
 h - 301 stones (quivered) {throwing}
 u - 6 atropa-tipped darts {throwing}
 J - 3 boomerangs {throwing}
Armour
 l - the +2 chain mail "Behi" (worn) {rCorr Str-2 Dex+3 Slay+2}
   (You took it off a gnoll on level 4 of the Dungeon)

   Str:       It affects your strength (-2).
   Dex:       It affects your dexterity (+3).
   Slay:      It affects your accuracy & damage with ranged weapons and melee
   (+2).
   rCorr:     It protects you from acid and corrosion.
 t - the +0 pair of gloves of Noxious Fun (worn) {rPois Dex+4}
   (You acquired it on level 2 of the Dungeon)

   Dex:       It affects your dexterity (+4).
   rPois:     It protects you from poison.
 E - a +1 cloak (worn)
   (You found it on level 5 of the Dungeon)
 F - a +0 buckler
   (You found it on level 2 of the Lair of Beasts)
Magical Staves
 i - a staff of poison {!astaff}
   (You took it off a gnoll on level 4 of the Dungeon)
 z - a staff of earth {!astaff}
   (You found it on level 3 of the Dungeon)
 B - a staff of air {!astaff}
   (You found it on level 6 of the Dungeon)
Jewellery
 j - a ring of flight
   (You found it on level 5 of the Dungeon)
 n - a ring of wizardry
   (You found it on level 3 of the Dungeon)
 q - a ring of see invisible
   (You found it on level 9 of the Dungeon)
 s - a +4 ring of protection (right hand)
   (You found it on level 9 of the Dungeon)
 v - a ring of poison resistance
   (You found it on level 2 of the Dungeon)
 A - a +4 ring of slaying (left hand)
   (You took it off an orc on level 3 of the Dungeon)
 H - a ring of magical power
   (You found it on level 7 of the Dungeon)
 I - a +6 ring of dexterity
   (You found it on level 2 of the Lair of Beasts)
Wands
 g - a wand of digging (3)
 y - a wand of iceblast (7)
   (You found it on level 3 of the Dungeon)
 D - a wand of acid (3)
   (You found it on level 7 of the Dungeon)
Scrolls
 c - a scroll of fog
 d - 2 scrolls of magic mapping {!r}
 k - 3 scrolls of enchant weapon
 r - a scroll of vulnerability {!r!r}
 w - a scroll of immolation {!r!r}
 x - 3 scrolls of teleportation {@r4}
 G - 8 scrolls of identify {@r1}
Potions
 f - 2 potions of haste {@q3}
 m - 3 potions of brilliance
 o - a potion of cancellation
 p - a potion of resistance
 C - a potion of flight

Dungeon Overview and Level Annotations

Branches:
Dungeon (10/15)            Temple (0/1) D:6            Lair (2/6) D:10
  Swamp: Lair:2-4    Shoals: Lair:2-4     Snake: Lair:2-4    Spider: Lair:2-4
    Orc: D:9-12

Altars:
Ashenzari
Dithmenos
Kikubaaqudgha
Makhleb
Ru
Sif Muna

Shops:
D:1 *   D:6 =

Annotations:
D:5 2 runed translucent doors
D:9 Erolcha
Lair:2 Amaemon

##...###..##.....#
#.....##..###....#
#P.....#..P##....#
##...###..##P.....
#....##.####....#
#....#.## #..)..
#...##### ##.....
##................
#@w...............
##l...............
#...............[
#....P#..#.......
#................
#...#....P.......
#.:.#....*.......
#.... ... .......
#..... ..,,......


You could see a torpor snail and a komodo dragon.


Message History

Being near the torpor snail leaves you feeling lethargic.
A komodo dragon comes into view.
The yak gores you! 😕 HP[-7]
You take 7 damage, and now have 101/108 hp.
The komodo dragon hisses angrily.
You hit the yak. You slash the yak!
You feel better. The yak gores you.
The yak gores you but does no damage. 😕 HP[-3]
You take 3 damage, and now have 98/108 hp.
You hit the yak but do no damage. You slash the yak! The yak barely misses you.
The yak closely misses you.
You slash the yak! x2; You feel better. You slash the yak!
You feel better. The yak barely misses you.
The yak gores you but does no damage. The yak misses you.
The yak gores you but does no damage. x2
The yak barely misses you. 😎 HP[+10]
Your hp is fully restored (108).
You slash the yak!
You kill the yak!
Makhleb accepts your kill.
You slash the yak! You hit the yak.
The komodo dragon hisses menacingly.
The yak closely misses you. The yak gores you. 😕 HP[-3]
You take 3 damage, and now have 105/108 hp.
You slice the yak!!
You feel better.
You kill the yak!
Makhleb accepts your kill.
You hit the torpor snail. You barely miss the yak. You slash the yak!
The yak gores you! The yak gores you but does no damage.
The torpor snail bites you! 😕 HP[-23]
You take 23 damage, and now have 82/108 hp.
MASSIVE DAMAGE!! (PAUSE)
You slash the yak! You slash the komodo dragon!
You feel better.
You hit the torpor snail. You slash the yak! The yak gores you!
The komodo dragon bites you. The yak gores you. The yak gores you!
The torpor snail bites you. The komodo dragon bites you!!
* * * LOW HITPOINT WARNING * * *
😨 HP[-39]
You take 39 damage, and now have 43/108 hp.
MASSIVE DAMAGE!! (PAUSE)
You hit the komodo dragon.
You hit the yak. x2; You slash the torpor snail!
The yak misses you.
The komodo dragon bites you but does no damage.
The yak gores you.
* * * LOW HITPOINT WARNING * * *
😨 HP[-2]
You take 2 damage, and now have 41/108 hp.
You barely miss the komodo dragon.
You hit the torpor snail but do no damage.
You hit the yak.
You feel better.
You slash the yak! x2
The torpor snail bites you but does no damage.
The yak gores you but does no damage.
The komodo dragon bites you but does no damage.
The yak gores you but does no damage. The yak gores you. 😨 HP[+2]
You regained 2 hp, and now have 43/108 hp.
You hit the komodo dragon. You slash the torpor snail!
You feel better.
You slash the yak!
You kill the yak!
Makhleb accepts your kill.
You hit the yak.
You feel better.
You kill the yak!
Makhleb accepts your kill.
You slash the yak!
You feel better. The yak gores you!
* * * LOW HITPOINT WARNING * * *
The komodo dragon bites you but does no damage.
The torpor snail bites you but does no damage.
Your Fighting skill increases to level 10!
Your Axes skill increases to level 13! 😨 HP[+5]
You regained 5 hp, and now have 48/108 hp.
The torpor snail attacks as you move away!
The torpor snail bites you but does no damage.
The komodo dragon attacks as you move away!
The komodo dragon bites you!
* * * LOW HITPOINT WARNING * * *
The yak attacks as you move away! The yak gores you!
* * * LOW HITPOINT WARNING * * *
The komodo dragon barely misses you. The yak barely misses you. 😱 HP[-21]
You take 21 damage, and now have 27/108 hp.
You slice the yak!!
You kill the yak!
Makhleb accepts your kill.
You feel better.
You closely miss the komodo dragon. The komodo dragon misses you. 😨 HP[+5]
You regained 5 hp, and now have 32/108 hp.
You slice the torpor snail!! You hit the komodo dragon.
The komodo dragon completely misses you.
The torpor snail bites you!
* * * LOW HITPOINT WARNING * * *
😱 HP[-11]
You take 11 damage, and now have 21/108 hp.
You slash the torpor snail! You slash the komodo dragon!
The komodo dragon bites you!!
You die...

Skill      XL: |  1  2  3  4  5  6  7  8  9 10 11 |
---------------+----------------------------------+-----
Long Blades    | 3 4 5 |  5.6
Dodging        | 3 4 5 6 8 |  8.2
Fighting       | 4 6 8 10 | 10.0
Invocations    | 2 5 |  5.8
Axes           | 8 11 13 | 13.0
Stealth        | |  6.0

Action                   |  1- 3 |  4- 6 |  7- 9 | 10-12 || total
-------------------------+-------+-------+-------+-------++-------
Melee: Falchion          |    38 |   156 |    74 |       ||   268
       Punch             |     1 |       |     6 |     4 ||    11
       Short sword       |       |       |   124 |       ||   124
       Dagger            |       |       |    44 |    15 ||    59
       War axe           |       |       |    74 |   151 ||   225
Throw: Stone             |       |     8 |    61 |    18 ||    87
Invok: Minor Destruction |       |       |       |     9 ||     9
 Abil: Heal Wounds       |     2 |     2 |     5 |     5 ||    14
Evoke: Wand              |       |       |     3 |     4 ||     7
  Use: Scroll            |       |     4 |     8 |     5 ||    17
       Potion            |       |     1 |     9 |       ||    10
 Stab: Sleeping          |     1 |     1 |       |       ||     2
       Distracted        |     1 |       |       |       ||     1
Armor: Scale mail        |    32 |    52 |       |       ||    84
       Chain mail        |       |    25 |   189 |   198 ||   412
Dodge: Dodged            |     7 |    95 |   145 |   142 ||   389

Levels and vault maps discovered:
D:1:      lightli_arrival_noodles, layout_basic, serial_shops, shop_statue,
          dreamdust_ecumenical_altar_drowned_temple, serial_forest,
          infiniplex_forest_clump_small, infiniplex_forest_straight_4,
          infiniplex_forest_clump_double, infiniplex_forest_clump_C,
          infiniplex_forest_lined_room_, infiniplex_forest_lined_room_3
D:2:      layout_rooms
D:3:      layout_basic, uniq_ijyb
D:4:      layout_basic, makhleb_heckhound_becter, lemuel_blue_sif_altar,
          nicolae_ashenzari_skybound
D:5:      layout_layer_cave, jmf_multi_god_temple2,
          lemuel_coloured_pillars_altar
D:6:      minmay_skewed_foursquare, layout_basic, kennysheep_little_box,
          minmay_temple_entry_slanted, serial_shops, nicolae_shop_waterfront,
          uniq_grinder
D:7:      layout_loops_ring, corner_web_ring, minivault_5
D:8:      layout_basic, enter_bailey_3, dreamdust_mushroom_princess,
          lemuel_flamethrower_2
D:9:      layout_layer_cave, lemuel_crystal_altar, mainiacjoe_overflow_brackets,
          minmay_checkerbox, uniq_erolcha
D:10:     layout_cave_pools, amcnicky_altar_gilded,
          minmay_overflow_temple_star_quad, lair_entry_dummy, serial_gnoll_camp,
          gnoll_camp_mini_house, gnoll_camp_mini_hut, gnoll_camp_huts_moat,
          gnoll_camp_mini_shop, gnoll_camp_mini_loothouse, worms_lemuel
Lair:1:   layout_hall_layers
Lair:2:   layout_regular_city, grunt_forest_large_clearing_hut, uniq_amaemon

Notes
Turn   | Place    | Note
-------+----------+-------------------------------------------
     0 | D:5      | spaghetti the Deep Dwarf Delver began the quest for the
                  | Orb.
     0 | D:5      | Reached XP level 1. HP: 20/20 MP: 1/1
     0 | D:5      | magus.rc [v1.9.6]
   100 | D:5      | Found a large runed translucent door.
   101 | D:5      | Found a large runed translucent door.
   111 | D:5      | Identified the +5 scale mail of Fihuts {rPois}
   155 | D:5      | Noticed a sky beast
   179 | D:5      | HP: 4/20 [sky beast (4)]
   193 | D:5      | HP: 5/20 [something (3)]
   203 | D:5      | Killed a sky beast
   204 | D:5      | Reached skill level 3 in Long Blades
   204 | D:5      | Reached skill level 3 in Dodging
   204 | D:5      | Reached XP level 2. HP: 27/27 MP: 2/2
   204 | D:5      | Reached XP level 3. HP: 33/33 MP: 3/3
   204 | D:5      | Reached XP level 4. HP: 40/40 MP: 4/4
   228 | D:5      | Reached skill level 4 in Dodging
   398 | D:4      | Noticed a scorpion
   441 | D:4      | Reached XP level 5. HP: 35/46 MP: 5/5
   454 | D:4      | Reached skill level 4 in Long Blades
   653 | D:4      | Reached skill level 5 in Dodging
   688 | D:4      | Found a burning altar of Makhleb.
   710 | D:4      | You pick up a book of Fire and begin reading...
   710 | D:4      | You add the spells Fireball, Starburst and Ignition to your
                  | library.
   715 | D:4      | Identified the +2 chain mail "Behi" {rCorr Str-2 Dex+3
                  | Slay+2}
   779 | D:4      | Reached XP level 6. HP: 54/55 MP: 6/6
   820 | D:4      | Found a broken altar of Ashenzari.
   938 | D:4      | Found a shimmering blue altar of Sif Muna.
   968 | D:4      | Reached skill level 5 in Long Blades
  1149 | D:3      | Reached skill level 6 in Dodging
  1188 | D:3      | Reached XP level 7. HP: 22/61 MP: 7/7
  1221 | D:3      | Identified the +1 ring mail of the Lily {Int+4 Stlth+}
  1253 | D:3      | Noticed Ijyb
  1450 | D:2      | Identified a scroll of acquirement
  1450 | D:2      | Acquired the +0 pair of gloves of Noxious Fun {rPois Dex+4}
  1909 | D:1      | Found a faded altar of an unknown god.
  1916 | D:1      | Found Vejy's General Store.
  1994 | D:1      | Reached skill level 3 in Fighting
  2667 | D:3      | Identified the +7 dagger of the Demonic God {flame, Int+6}
  2763 | D:3      | Killed Ijyb
  3033 | D:4      | Became a worshipper of Makhleb the Destroyer
  3157 | D:5      | Reached skill level 1 in Invocations
  3269 | D:5      | Found a shadowy altar of Dithmenos.
  4046 | D:6      | Noticed Grinder
  4071 | D:6      | Killed Grinder
  4072 | D:6      | Reached skill level 4 in Fighting
  4072 | D:6      | Reached skill level 2 in Invocations
  4274 | D:6      | Reached XP level 8. HP: 48/73 MP: 8/10
  4308 | D:6      | Reached skill level 7 in Dodging
  4308 | D:6      | Reached skill level 3 in Invocations
  4401 | D:6      | Found Dykun's Jewellery Shop.
  4456 | D:6      | Found a staircase to the Ecumenical Temple.
  4614 | D:6      | Found an ancient bone altar of Kikubaaqudgha.
  4696 | D:7      | Reached skill level 5 in Fighting
  4759 | D:7      | Gained mutation: You expend magic power (3 MP) to
                  | strengthen your wands. [potion of mutation]
  4759 | D:7      | Gained mutation: You passively map the area around you.
                  | [potion of mutation]
  4991 | D:7      | You pick up a book of Party Tricks and begin reading...
  4991 | D:7      | You add the spells Apportation and Alistair's Intoxication
                  | to your library.
  5076 | D:7      | Noticed a troll
  5089 | D:7      | Killed a troll
  5090 | D:7      | Reached skill level 4 in Invocations
  5612 | D:7      | Identified the +3 long sword of the Unseen Realm {vorpal,
                  | rPois Int+5}
  5660 | D:8      | Noticed a two-headed ogre
  5678 | D:8      | HP: 19/76 [two-headed ogre/+0 dire flail (16)]
  5678 | D:8      | HP: 7/76 [two-headed ogre/+0 dire flail (12)]
  5679 | D:8      | Killed a two-headed ogre
  5680 | D:8      | Reached skill level 6 in Fighting
  5680 | D:8      | Reached skill level 8 in Dodging
  5680 | D:8      | Reached skill level 5 in Invocations
  5680 | D:8      | Mutation became permanent: You passively map a small area
                  | around you. [Deep Dwarf growth]
  5680 | D:8      | Gained mutation: You passively map the area around you.
                  | [Deep Dwarf growth]
  5680 | D:8      | Reached XP level 9. HP: 7/85 MP: 8/13
  6380 | D:9      | Found a sacrificial altar of Ru.
  6408 | D:9      | Identified the +9 war axe "Xirodedd" {vamp, rCorr}
  6508 | D:9      | Reached skill level 1 in Axes
  6635 | D:9      | HP: 20/85 [wyvern (8)]
  6639 | D:9      | Reached skill level 2 in Axes
  6641 | D:9      | Noticed a komodo dragon
  6648 | D:9      | Killed a komodo dragon
  6649 | D:9      | Reached skill level 4 in Axes
  6667 | D:9      | Noticed a two-headed ogre
  6734 | D:8      | Reached skill level 5 in Axes
  6780 | D:8      | Reached * piety under Makhleb
  6786 | D:8      | Reached skill level 6 in Axes
  6794 | D:8      | HP: 19/81 [wight/+0 morningstar (6)]
  7072 | D:8      | HP: 16/84 [wyvern (12)]
  7075 | D:8      | Reached skill level 7 in Axes
  7327 | D:8      | Reached skill level 8 in Axes
  7789 | D:9      | Noticed Erolcha
  7808 | D:9      | Noticed a deep elf pyromancer
  7820 | D:9      | Reached XP level 10. HP: 52/92 MP: 13/13
  7823 | D:9      | Noticed a green ugly thing
  8043 | D:10     | Entered Level 10 of the Dungeon
  8072 | D:9      | Reached skill level 9 in Axes
  8083 | D:9      | Reached skill level 10 in Axes
  8085 | D:10     | Found a staircase to the Lair.
  8094 | Lair:1   | Entered Level 1 of the Lair of Beasts
  8105 | Lair:1   | Reached skill level 7 in Fighting
  8107 | Lair:1   | Noticed a cane toad
  8120 | Lair:1   | Killed a cane toad
  8153 | Lair:2   | Reached ** piety under Makhleb
  8164 | Lair:2   | Reached skill level 11 in Axes
  8165 | Lair:2   | Reached skill level 8 in Fighting
  8333 | Lair:1   | Reached XP level 11. HP: 104/104 MP: 14/14
  8431 | Lair:1   | Noticed a four-headed hydra
  8443 | Lair:1   | Killed a four-headed hydra
  8468 | Lair:1   | Reached skill level 9 in Fighting
  8468 | Lair:1   | Reached skill level 12 in Axes
  8504 | Lair:1   | Noticed a six-headed hydra
  8573 | Lair:2   | Noticed Amaemon
  8599 | Lair:1   | HP: 26/106 [six-headed hydra (1)]
  8644 | Lair:2   | HP: 10/106 [komodo dragon (19)]
  8645 | Lair:2   | HP: 3/106 [komodo dragon (14)]
  8891 | Lair:2   | Reached *** piety under Makhleb
  8939 | Lair:2   | You pick up a book of Maledictions and begin reading...
  8939 | Lair:2   | You add the spells Tukima's Dance, Anguish and Enfeeble to
                  | your library.
  9011 | Lair:2   | Reached skill level 10 in Fighting
  9011 | Lair:2   | Reached skill level 13 in Axes
  9011 | Lair:2   | HP: 27/108 [yak[a torpor snail] (7)]
  9014 | Lair:2   | Slain by a komodo dragon

Vanquished Creatures
  A hydra (Lair:1)
  A two-headed ogre (D:8)
  2 cane toads
  An orange demon (Lair:2)
  3 komodo dragons
  2 polar bears (Lair:1)
  A troll (D:7)
  5 blink frogs (Lair:1)
  Grinder (D:6)
  22 yaks
  A wraith (D:9)
  3 wyverns
  A steam dragon (D:8)
  An acid dragon (D:8)
  5 water moccasins
  A sky beast (D:5)
  A black bear (Lair:1)
  An orc warrior (D:8)
  12 wolves
  A centaur (D:9)
  A necrophage (D:5)
  5 bullfrogs
  A kobold brigand (D:10)
  4 scorpions
  12 wights
  2 howler monkeys
  2 jellies
  6 orc priests
  4 hounds
  Ijyb (D:3)
  4 hell rats (Lair:2)
  4 orc wizards
  5 adders
  5 gnolls
  A shadow imp (D:6)
  2 white imps
  An ufetubus (D:4)
  A worm (D:2)
  3 dart slugs
  26 orcs
  7 endoplasms
  3 giant cockroaches
  7 hobgoblins
  4 jackals (D:4)
  2 quokkas (D:3)
  3 ball pythons
  6 bats
  5 frilled lizards
  10 goblins
  14 kobolds
  3 rats (D:1)
  A spectral kobold (D:1)
221 creatures vanquished.

Vanquished Creatures (others)
  An orc wizard (D:8)
  3 orcs (D:8)
  10 fungi
  6 plants
20 creatures vanquished.

Grand Total: 241 creatures vanquished

Table legend:
 A = Non-vault XP
 B = Vault XP
 C = Vault XP percentage of total XP
 D = Non-vault monster count
 E = Vault monster count
 F = Vault count percentage of total count
                 A         B        C        D         E       F
            +---------+---------+-------+---------+---------+-------
      Total |   16785 |    1178 |   6.6 |     206 |      15 |   6.8
            +---------+---------+-------+---------+---------+-------
        D:1 |      48 |       1 |   2.0 |      29 |       1 |   3.3
        D:2 |      67 |       0 |   0.0 |      12 |       0 |   0.0
        D:3 |     123 |      36 |  22.6 |      18 |       1 |   5.3
        D:4 |     439 |      46 |   9.5 |      30 |       1 |   3.2
        D:5 |     396 |       0 |   0.0 |      10 |       0 |   0.0
        D:6 |     100 |     409 |  80.4 |       7 |       4 |  36.4
        D:7 |     544 |       0 |   0.0 |      10 |       0 |   0.0
        D:8 |    2523 |       8 |   0.3 |      21 |       4 |  16.0
        D:9 |    1966 |     262 |  11.8 |      10 |       3 |  23.1
       D:10 |      94 |       0 |   0.0 |       5 |       0 |   0.0
     Lair:1 |    4845 |       0 |   0.0 |      22 |       0 |   0.0
     Lair:2 |    5640 |     416 |   6.9 |      32 |       1 |   3.0
            +---------+---------+-------+---------+---------+-------

Illustrated notes

Table legend:
 A = Kills in this place as a percentage of kills in entire the game.
 B = Kills by you in this place as a percentage of kills by you in the entire game.
 C = Kills by friends in this place as a percentage of kills by friends in the entire game.
 D = Other kills in this place as a percentage of other kills in the entire game.
 E = Experience gained in this place as a percentage of experience gained in the entire game.
 F = Experience gained in this place divided by the number of levels of this place that you have seen.
                   A       B       C       D       E      F
               +-------+-------+-------+-------+-------+----------------------
         Total | 100.0 | 100.0 |   N/A |   N/A | 100.0 | 1496.9
       Dungeon |  75.1 |  75.1 |   N/A |   N/A |  39.3 | 706.2
          Lair |  24.9 |  24.9 |   N/A |   N/A |  60.7 | 5450.5
               +-------+-------+-------+-------+-------+----------------------

Table legend: (Time is in decaauts)
 A = Elapsed time spent in this place.
 B = Non-inter-level travel time spent in this place.
 C = Inter-level travel time spent in this place.
 D = Time resting spent in this place.
 E = Time spent auto-exploring this place.
 F = Levels seen in this place.
 G = Mean time per level.
                   A        B        C        D        E       F      G
               +--------+--------+--------+--------+--------+-----+--------+
         Total |   9056 |   8596 |    460 |    886 |   5806 |  12 |  754.7 |
       Dungeon |   8141 |   7681 |    460 |    886 |   5215 |  10 |  814.1 |
          Lair |    915 |    915 |      0 |      0 |    591 |   2 |  457.5 |
               +--------+--------+--------+--------+--------+-----+--------+

Top non-repeatable levels by time:
     D:8: 1413 daAuts
     D:7: 1259 daAuts
     D:5: 1248 daAuts
     D:4: 999 daAuts
     D:9: 742 daAuts
     D:1: 705 daAuts
     D:6: 670 daAuts
     D:3: 601 daAuts
  Lair:2: 471 daAuts
     D:2: 471 daAuts
  Lair:1: 443 daAuts
    D:10: 30 daAuts
